Map: Ascension to Aiur LE

Players

Juxtapose

  • Race: Terran Terran
  • League: Gold
  • Spawn Location: 11:00

Stork - Winner!

  • Race: Protoss Protoss
  • League: Platinum
  • Spawn Location: 5:00

VOD

https://youtu.be/wx6YGBB9SYI

Description

Without question, Terran is the Race I struggle the most with when playing as. Against Protoss, I'm not sure how to handle mass Void Rays with them. I find Marines melt, Cyclones obviously didn't work so well, Vikings are supposed to be a counter but of course they're armoured...

There obviously is a way, I just haven't clued into it yet _or_ I'm not doing something right. Time to ask on the Forums.

Time

  • Played on: Sept. 24, 2017, 10:10 a.m.
  • Length: 12:45
Show
View Real Time Build Order
Export as new Build Order

Juxtapose Terran 

Build Orders: MMM Bio 

Get SALT Encoding   

  12  0:01  SCV  
  13  0:13  SCV  
  14  0:20  Supply Depot  
  14  0:25  SCV  
  15  0:41  SCV  
  16  0:45  Barracks  
  16  0:48  Supply Depot  
  16  0:53  SCV  
  17  1:03  Refinery  
  17  1:05  SCV  
  18  1:18  SCV  
  19  1:20  Refinery  
  19  1:32  Orbital Command  
  19  1:47  Barracks Reactor  
  19  2:00  SCV  
  20  2:05  Barracks  
  20  2:12  SCV  
  21  2:15  Engineering Bay  
  21  2:20  Factory  
  21  2:24  SCV  
  21  2:27  Marine x2  
  24  2:44  SCV  
  24  2:45  Marine x2  
  24  2:51  Missile Turret  
  27  2:54  Barracks Tech Lab  
  27  2:56  SCV  
  28  3:09  Factory Reactor  
  28  3:15  Command Center  
  28  3:25  Marauder  
  30  3:32  Marine  
  31  3:52  Supply Depot  
  31  4:06  Terran Infantry Weapons Level 1  
  31  4:13  Marine, Cyclone  
  31  4:14  Marauder  
  37  4:17  Supply Depot  
  37  4:26  Stimpack  
  37  4:27  Marine, Cyclone  
  41  4:31  Marine  
  41  4:33  Orbital Command  
  42  4:45  Marine  
  42  4:51  Orbital Command  
  43  4:57  Cyclone  
  43  4:59  Marine, Cyclone, Marauder  
  51  5:01  Missile Turret  
  51  5:03  Marine  
  53  5:17  Marine  
  53  5:18  Supply Depot  
  53  5:21  Marine, Marauder  
  57  5:35  Marine  
  49  5:38  Cyclone  
  49  5:39  Marine  
  49  5:42  Marauder  
  50  5:53  Marine  
  50  5:56  Marine  
  52  6:11  Marine  
  53  6:20  Marine x2  
  53  6:24  Cyclone x2  
  61  6:26  SCV  
  61  6:31  Combat Shields, Refinery  
  62  6:38  SCV  
  62  6:39  Marauder  
  64  6:51  Marine x2  
  66  6:56  Cyclone  
  66  6:58  Cyclone  
  70  7:08  Marauder  
  66  7:17  Marine x2  
  68  7:29  Marauder  
  70  7:35  Marine  
  70  7:36  Marine  
  43  7:44  SCV  
  43  7:50  Marauder  
  43  7:51  Refinery  
  46  7:53  Marine x2  
  46  7:57  SCV  
  49  8:00  Barracks  
  49  8:06  Starport  
  49  8:09  SCV  
  49  8:11  Marine x3  
  49  8:12  Supply Depot  
  53  8:21  SCV  
  54  8:29  Marine x2  
  56  8:35  Marine  
  56  8:38  Cyclone x2  
  63  8:45  Starport Tech Lab  
  63  8:47  Marine x2  
  65  8:53  Marine x2  
  67  8:56  Terran Infantry Armor Level 1  
  61  9:14  Marine x3  
  45  9:21  Viking  
  47  9:26  Barracks Reactor  
  46  9:32  Marine  
  47  9:39  Marine x2  
  47  9:43  Widow Mine  
  47  9:44  Widow Mine  
  53  9:49  Marine  
  53  9:51  Viking  
  56  9:57  Marine  
  57  10:06  Armory  
  57  10:09  Command Center  
  57  10:11  Marine x4  
  61  10:20  Supply Depot  
  61  10:21  Viking  
  61  10:25  Marine  
  61  10:27  Widow Mine x2  
  68  10:29  Marine x4  
  72  10:42  SCV  
  73  10:43  Marine  
  73  10:48  Marine x3  
  77  10:54  SCV  
  80  11:06  SCV  
  72  11:24  Orbital Command  
  69  11:31  Barracks  
  61  11:40  Marine  
  61  11:41  Marine  
  61  11:45  Marine  
  56  11:58  Marine  
  56  11:59  Marine  
  38  12:03  Marine  
  20  12:12  SCV  
  21  12:16  Marine  
  21  12:17  Marine  
  21  12:20  Marine  
  22  12:24  SCV  
  22  12:25  Barracks Reactor  
Show
View Real Time Build Order
Export as new Build Order

Stork Protoss - Winner!

Build Orders: Nexus First 

Get SALT Encoding   

  12  0:04  Probe (Chrono Boost)  
  13  0:14  Probe (Chrono Boost)  
  14  0:26  Pylon  
  14  0:32  Probe (Chrono Boost)  
  15  0:50  Probe (Chrono Boost)  
  16  1:00  Nexus  
  16  1:02  Probe (Chrono Boost)  
  17  1:23  Probe (Chrono Boost)  
  18  1:27  Assimilator  
  18  1:32  Gateway  
  18  1:37  Probe (Chrono Boost)  
  19  1:40  Assimilator  
  19  1:47  Probe (Chrono Boost)  
  20  1:58  Probe (Chrono Boost)  
  21  2:09  Probe (Chrono Boost)  
  21  2:13  Probe (Chrono Boost)  
  21  2:15  Gateway  
  23  2:19  Probe (Chrono Boost)  
  23  2:20  Cybernetics Core  
  24  2:27  Probe (Chrono Boost)  
  25  2:32  Pylon  
  25  2:34  Zealot (Chrono Boost)  
  27  2:39  Probe  
  27  2:41  Probe  
  29  2:53  Probe  
  29  2:55  Pylon  
  29  2:56  Warp Gate  
  32  2:58  Mothership Core (Chrono Boost)  
  32  3:07  Adept (Chrono Boost)  
  32  3:08  Adept (Chrono Boost)  
  32  3:11  Assimilator  
  36  3:13  Probe (Chrono Boost)  
  37  3:23  Stargate  
  37  3:29  Probe (Chrono Boost)  
  37  3:35  Adept x2  
  37  3:36  Probe (Chrono Boost)  
  37  3:41  Pylon  
  42  3:47  Probe (Chrono Boost)  
  43  3:53  Probe (Chrono Boost)  
  43  3:54  Pylon  
  44  4:04  Probe x2 (Chrono Boost)  
  46  4:11  Adept x2  
  46  4:14  Probe (Chrono Boost)  
  51  4:18  Oracle  
  54  4:25  Probe x2 (Chrono Boost)  
  56  4:49  Probe x2 (Chrono Boost)  
  56  4:51  Forge  
  58  4:56  Pylon  
  58  5:01  Void Ray  
  62  5:12  Probe x2 (Chrono Boost)  
  64  5:16  Pylon  
  64  5:25  Probe x2 (Chrono Boost)  
  62  5:43  Pylon  
  62  5:44  Void Ray  
  56  5:59  Probe (Chrono Boost), Protoss Ground Weapons Level 1  
  56  6:02  Assimilator  
  57  6:04  Stargate  
  57  6:10  Pylon  
  54  6:15  Adept x2  
  58  6:19  Probe (Chrono Boost)  
  58  6:20  Probe (Chrono Boost)  
  60  6:27  Void Ray  
  60  6:32  Pylon  
  64  6:48  Void Ray  
  66  7:10  Void Ray  
  70  7:24  Pylon  
  70  7:31  Void Ray  
  74  7:40  Pylon  
  74  7:50  Nexus  
  72  7:55  Assimilator  
  72  7:58  Protoss Shields Level 1  
  72  7:59  Assimilator  
  72  8:00  Probe x2 (Chrono Boost)  
  72  8:03  Pylon  
  72  8:04  Nexus  
  74  8:10  Probe (Chrono Boost)  
  75  8:13  Void Ray  
  75  8:14  Void Ray  
  83  8:23  Gateway  
  83  8:24  Gateway  
  83  8:26  Gateway  
  83  8:28  Gateway, Pylon  
  83  8:30  Probe x2 (Chrono Boost), Pylon  
  83  8:32  Pylon  
  85  8:37  Pylon  
  85  8:40  Probe x2 (Chrono Boost)  
  87  8:59  Cybernetics Core  
  87  9:03  Void Ray x2  
  87  9:06  Probe x3 (Chrono Boost)  
  98  9:17  Probe x2 (Chrono Boost)  
  100  9:22  Gateway  
  100  9:25  Gateway  
  100  9:28  Gateway  
  100  9:43  Gateway x2  
  100  9:46  Gateway  
  100  9:59  Probe x3 (Chrono Boost)  
  103  10:01  Pylon  
  103  10:03  Pylon  
  103  10:20  Void Ray x2  
  111  10:21  Pylon  
  111  10:23  Pylon  
  111  10:25  Assimilator  
  111  10:33  Probe x2 (Chrono Boost)  
  111  10:34  Probe (Chrono Boost)  
  114  10:41  Pylon, Protoss Ground Armor Level 1  
  114  10:43  Pylon  
  114  10:45  Adept x4  
  114  10:46  Adept x2  
  126  10:51  Probe x3 (Chrono Boost)  
  126  10:52  Probe (Chrono Boost)  
  126  10:54  Adept x3  
  126  10:55  Adept  
  132  11:21  Adept x2  
  132  11:22  Adept x4  
  136  11:38  Probe x2 (Chrono Boost)  
  108  12:06  Adept  
  108  12:07  Adept x3  
  113  12:23  Probe x2 (Chrono Boost)  
  114  12:37  Nexus  
  114  12:38  Adept  
  114  12:39  Adept x3  
Tags
 
Add a new tag
Caveats
  • Supply blocks, unpowered buildings, or Contaminate may cause inaccurate times.
  • Supply counts are checked every 10 seconds.